 Dungeon Crawl Stone Soup version 0.31.0-12-g77e489cdc1 (webtiles) character file.

Game seed: 15124536627701846734

3580 Doomgape the Grappler (level 9, -3/83 HPs)
             Began as a Troll Fighter on Mar 2, 2024.
             Was a Follower of Hepliaklqana.
             Killed from afar by a steam dragon (24 damage)
             ... with a ball of steam
             ... on level 7 of the Dungeon.
             The game lasted 00:17:40 (5262 turns).

Doomgape the Grappler (Troll Fighter)               Turns: 5262, Time: 00:17:40

Health: -3/83      AC:  4    Str: 30    XL:     9   Next: 84%
Magic:  8/8        EV:  9    Int:  4    God:    Hepliaklqana [*.....]
Gold:   1170       SH: 16    Dex: 12    Spells: 8/8 levels left

rFire   . .          .
                       - Unarmed
rCold   . . .        b - +1 kite shield
rNeg    + . .        p - +0 robe of Hairiness {rN+ Dex+3}
rPois   .            (helmet restricted)
rElec   .            (no cloak)
rCorr   .            (gloves unavailable)
SInv    .            (boots unavailable)
Will    .....        m - amulet of reflection
Stlth   +            (no ring)
HPRegen 1.13/turn    (no ring)
MPRegen 0.11/turn

%: reflection
@: lethally poisoned (-3 -> -4), slowed, very slow
A: reduced essence, large, unfitting armour, claws 3, regeneration 1, shaggy fur
1, tough skin 1
a: Renounce Religion, Recall Ancestor, Ancestor Identity


You were on level 7 of the Dungeon.
You worshipped Hepliaklqana.
Hepliaklqana was aware of your devotion.
You visited 2 branches of the dungeon, and saw 8 of its levels.

You collected 1170 gold pieces.

Inventory:

Armour
 b - a +1 kite shield (worn)
 p - the +0 robe of Hairiness (worn) {rN+ Dex+3}
   (You acquired it on level 5 of the Dungeon)

   Dex+3:     It affects your dexterity (+3).
   rN+:       It protects you from negative energy.
Jewellery
 d - a ring of magical power
 g - the ring "Ickail" {Ice *Slow rN+ Str+5 Int+6}
   (You found it on level 5 of the Dungeon)

   [ring of ice]

   Ice:       It enhances your ice magic.
   Str+5:     It affects your strength (+5).
   Int+6:     It affects your intelligence (+6).
   rF-:       It makes you vulnerable to fire.
   rC+:       It protects you from cold.
   rN+:       It protects you from negative energy.
   *Slow:     It may slow you when you take damage.
 m - an amulet of reflection (around neck)
 r - a +5 ring of evasion
Wands
 a - a wand of flame (42)
 o - a wand of acid (7)
 q - a wand of charming (10)
 t - a wand of iceblast (18)
Scrolls
 e - 2 scrolls of enchant armour
 f - 5 scrolls of identify
 i - 3 scrolls of vulnerability
 l - 2 scrolls of poison
Potions
 c - 2 potions of might
 j - a potion of haste
 k - 2 potions of attraction
 n - a potion of heal wounds {unknown}
 s - a potion of cancellation {unknown}


   Skills:
 + Level 7.4 Fighting
 - Level 2.4 Dodging
 + Level 8.0 Shields
 + Level 8.4 Unarmed Combat


You had 8 spell levels left.
You didn't know any spells.
Your spell library contained the following spells:

 Spells                   Type           Power      Damage    Failure   Level
 Dazzling Flash           Conj/Hex       0%         N/A       96%         3
 Tukima's Dance           Hex            0%         N/A       96%         3
 Volatile Blastmotes      Fire/Tloc      0%         2d10      96%         3
 Animate Dead             Necr           0%         N/A       100%        4
 Passage of Golubria      Tloc           0%         N/A       100%        4
 Borgnjor's Vile Clutch   Necr/Erth      0%         N/A       100%        5
 Yara's Violent Unravell  Hex/Alch       0%         3d3       100%        5
 Death Channel            Necr           0%         N/A       100%        6
 Starburst                Conj/Fire      0%         6d3       100%        6
 Haunt                    Necr/Summ      0%         N/A       100%        7
 Borgnjor's Revivificati  Necr           0%         N/A       100%        8
 Maxwell's Capacitive Co  Air            0%         ∞         100%        8
 Death's Door             Necr           0%         N/A       100%        9


Dungeon Overview and Level Annotations

Branches:
Dungeon (7/15)             Temple (1/1) D:6

Altars:
Ashenzari
Cheibriados
Dithmenos
Elyvilon
Fedhas
Gozag
Hepliaklqana
Kikubaaqudgha
Makhleb
Nemelex Xobeh
Okawaru
Qazlal
Ru
Sif Muna
Trog
Uskayaw
Vehumet
Wu Jian
Xom
Yredelemnul
Zin
The Shining One

Shops:
D:1 !   D:5 [


Innate Abilities, Weirdness & Mutations

Your life essence is reduced to manifest your ancestor. (-10% HP)
You are too large for most types of armour.
You have claws for hands.
Your natural rate of healing is unusually fast.
You are covered in fur. (AC +1)
You have tough skin. (AC +1)


Message History

You claw the bullfrog!
You kill the bullfrog!
The steam dragon bites Anna.
The steam dragon closely misses Anna.
The kobold brigand throws a curare-tipped dart.
The curare-tipped dart hits you.
You are poisoned.
You have difficulty breathing.
You feel yourself slow down.
The phantom hits you but does no damage.
Anna hits the phantom.
Unknown command.
Aiming: Iceblast
Press: ? - help, Shift-Dir - straight line The mass of ice explodes!
The iceblast engulfs the kobold brigand!!
The kobold brigand is severely wounded.
You feel very sick.
You hear a shout!
The steam dragon barely misses Anna.
The steam dragon claws Anna.
The phantom hits Anna.
Anna hits the phantom.
The phantom is destroyed!
The kobold brigand closely misses you.
The steam dragon bites Anna.
The steam dragon claws Anna but does no damage.
You feel your dexterity returning.
Your Shields skill increases to level 8!
Unknown command.
You barely miss the kobold brigand.
The kobold brigand is severely wounded.
You feel very sick. You block the kobold brigand's attack.
Unknown command.
You claw the kobold brigand!
The kobold brigand is almost dead.
You feel very sick.
The kobold brigand hits you with a +0 club.
* * * LOW HITPOINT WARNING * * *
An orc comes into view. It is wielding a staff of death.
The kobold brigand barely misses you. The steam dragon breathes steam at you.
The ball of steam hits you!!
You die...

+..#.#..#.#...###..
## #..##..#....##..
#.. #..##..#........
#.#D#.#..#.#.......#
#..K#......#.......#
##o#######'##........
#....#..)..#........#
#.##K#.#)#)#.........
#.##@#..#..#......###
#..DR'.#.#.#......###
######.....#.........
#....#######.........
###...#..............
#...#.........##<#.
##.....>.....##..##
##..)).......#....
###)....##.......


You could see the friendly Anna the ancestor, a steam dragon (catching breath),
a kobold brigand (ally target) and an orc (wandering).

Vanquished Creatures
  Joseph (D:7)
  Grinder (D:3)
  Sigmund (D:4)
  A water moccasin (D:7)
  3 black bears
  6 orc warriors
  An ice beast (D:5)
  An ogre (D:6)
  A centaur (D:7)
  A phantom (D:6)
  2 gnoll sergeants (D:7)
  3 bullfrogs
  A scorpion (D:5)
  5 wights (D:7)
  3 killer bees (D:7)
  2 bombardier beetles
  A jelly (D:7)
  3 orc priests (D:7)
  A hound (D:4)
  5 iguanas
  2 sleepcaps
  5 orc wizards
  2 gnolls (D:7)
  6 adders
  A shadow imp (D:6)
  4 dart slugs
  27 orcs
  7 bats
  8 endoplasms
  2 giant cockroaches
  16 hobgoblins
  7 jackals
  3 quokkas
  6 ball pythons
  4 frilled lizards
  7 goblins
  9 kobolds
  4 rats
163 creatures vanquished.

Vanquished Creatures (collateral kills)
  A phantom (D:7)
  An iguana (D:7)
  An orc wizard (D:7)
  A gnoll (D:7)
4 creatures vanquished.

Vanquished Creatures (others)
  An ancestor (D:7)
1 creature vanquished.

Grand Total: 168 creatures vanquished

Notes
Turn   | Place    | Note
-------+----------+-------------------------------------------
     0 | D:1      | Doomgape the Troll Fighter began the quest for the Orb.
     0 | D:1      | Reached XP level 1. HP: 22/22 MP: 0/0
    54 | D:1      | Found Oxaorit's Distillery.
    99 | D:1      | Reached XP level 2. HP: 25/29 MP: 1/1
   366 | D:1      | Reached XP level 3. HP: 36/36 MP: 2/2
   840 | D:2      | Reached XP level 4. HP: 44/45 MP: 3/3
  1374 | D:2      | Found a faded altar of an unknown god.
  1458 | D:3      | Found a blossoming altar of Fedhas.
  1459 | D:3      | Found a white marble altar of Elyvilon.
  1464 | D:3      | Found a sacrificial altar of Ru.
  1663 | D:3      | Noticed Grinder
  1681 | D:3      | Killed Grinder
  1682 | D:3      | Reached XP level 5. HP: 23/54 MP: 4/4
  1682 | D:3      | Reached XP level 6. HP: 26/62 MP: 5/5
  1769 | D:3      | Found a broken altar of Ashenzari.
  1917 | D:3      | Found a shimmering blue altar of Sif Muna.
  2127 | D:3      | Found a burning altar of Makhleb.
  2465 | D:4      | Noticed Sigmund
  2506 | D:4      | Killed Sigmund
  2507 | D:4      | Reached XP level 7. HP: 17/71 MP: 6/6
  2945 | D:5      | Entered Level 5 of the Dungeon
  2960 | D:4      | Reached skill level 5 in Shields
  2991 | D:5      | Reached skill level 5 in Unarmed Combat
  3281 | D:5      | Found Gule's Armour Shop.
  3286 | D:5      | Identified the ring "Ickail" {Ice *Slow rN+ Str+5 Int+6}
  3342 | D:5      | Reached skill level 5 in Fighting
  3345 | D:5      | Identified 2 scrolls of acquirement
  3345 | D:5      | Acquired 795 gold pieces
  3380 | D:5      | Acquired the +0 robe of Hairiness {rN+ Dex+3}
  3562 | D:6      | Reached XP level 8. HP: 57/80 MP: 7/7
  3652 | D:6      | Found a radiant altar of Vehumet.
  3658 | D:6      | Identified the +0 shortbow "Beastslayer" {drain, Int-4
                  | Dex+6}
  3910 | D:6      | Found a staircase to the Ecumenical Temple.
  3919 | Temple   | Entered the Ecumenical Temple
  3932 | Temple   | Became a worshipper of Hepliaklqana the Forgotten
  4481 | D:7      | Found a sparkling altar of Nemelex Xobeh.
  4640 | D:7      | Noticed Joseph
  4651 | D:7      | Killed Joseph
  4652 | D:7      | Reached XP level 9. HP: 55/92 MP: 8/8
  4653 | D:7      | Reached * piety under Hepliaklqana
  5262 | D:7      | Killed from afar by a steam dragon

Illustrated notes

Levels and vault maps discovered:
D:1:      dpeg_arrival_fog, layout_rooms, serial_shops, shop,
          minmay_misc_feat_secret_circle, minmay_three_crescents
D:2:      layout_loops_ring, hellmonk_ecumenical_altar_defaced_shrine,
          minivault_11, serial_bayou_ford_a
D:3:      cheibrodos_old_hovel, layout_basic, mainiacjoe_overflow_alcove_3,
          ashenzari_altar_1, lightli_temple_of_fire, uniq_grinder
D:4:      layout_basic, sigmund_army
D:5:      layout_rooms, serial_shops, shop
D:6:      layout_loops_corners, vehumet_altar_wand_db, temple_hall,
          kennysheep_donut, kennysheep_big_empty_room
D:7:      minmay_clustersquares, layout_cave_pools,
          nemelex_diamond_rough_becter, sword_in_stone, uniq_joseph
Temple:   nicolae_temple_bog_church

Skill      XL: |  1  2  3  4  5  6  7  8  9 |
---------------+----------------------------+-----
Shields        | 3 4 5 6 8 |  8.0
Fighting       | 3 4 5 6 7 |  7.4
Unarmed Combat | 4 5 7 8 |  8.4
Dodging        | |  2.4

Action                     |  1- 3 |  4- 6 |  7- 9 || total
---------------------------+-------+-------+-------++-------
  Melee: Unarmed           |    88 |   126 |   271 ||   485
  Throw: Throwing net      |       |       |     1 ||     1
 Invoke: Ancestor Identity |       |       |     1 ||     1
  Evoke: Wand              |       |       |     1 ||     1
    Use: Scroll            |       |    11 |     5 ||    16
         Potion            |       |     1 |     2 ||     3
   Stab: Sleeping          |     1 |     1 |       ||     2
         Distracted        |       |       |     1 ||     1
         Held in net/web   |       |       |     1 ||     1
 Armour: Robe              |    50 |    55 |   141 ||   246
  Dodge: Dodged            |    27 |    29 |    74 ||   130
  Block: Kite shield       |    35 |    89 |   235 ||   359
         Reflection        |       |     2 |    14 ||    16
